 Dungeon Crawl Stone Soup version 0.26-a0-812-g31a745ddcd (webtiles) character file.

Game seed: 3287737402338022587

4 Dracia the Vexing (level 1, -1/15 HPs)
             Began as a Demonspawn Arcane Marksman on Dec 3, 2020.
             Slain by a hobgoblin
             ... wielding a +0 club
              (7 damage)
             ... on level 1 of the Dungeon.
             The game lasted 00:00:38 (126 turns).

Dracia the Vexing (Demonspawn Arcane Marksman)       Turns: 126, Time: 00:00:39

Health: -1/15      AC:  2    Str: 10    XL:     1   Next: 58%
Magic:  2/2        EV: 12    Int: 14    God:
Gold:   0          SH:  0    Dex: 13    Spells: 1/2 levels left

rFire    . . .     SeeInvis .   b - +0 dagger
rCold    . . .     Faith    .   (no shield)
rNeg     . . .     Spirit   .   e - +0 robe
rPois    .         Reflect  .   (no helmet)
rElec    .         Harm     .   (no cloak)
rCorr    .         Rampage  .   (no gloves)
MR       .....                  (no boots)
Stlth    +.........             (no amulet)
HPRegen  0.05/turn              (no ring)
MPRegen  0.08/turn              (no ring)

@: no status effects
A: no striking features
a: no special abilities


You were on level 1 of the Dungeon.
You visited 1 branch of the dungeon, and saw 1 of its levels.


   Skills:
 - Level 1.0 Fighting
 * Level 2.1 Crossbows
 - Level 1.7 Dodging
 - Level 1.0 Spellcasting
 + Level 3.1 Hexes


You had one spell level left.
You knew the following spells:

 Your Spells              Type           Power        Failure   Level
a - Corona                Hex            #......      8%          1

Your spell library contained the following spells:

 Spells                   Type           Power        Failure   Level
 Slow                     Hex            #.......     11%         2
 Inner Flame              Hex/Fire       #.......     38%         3
 Portal Projectile        Hex/Tloc       #.....       38%         3
 Cause Fear               Hex            #.........   58%         4
 Leda's Liquefaction      Hex/Erth       #.........   80%         4

Inventory:

Hand Weapons
 a - a +0 hand crossbow
 b - a +0 dagger (weapon)
Missiles
 d - 20 bolts
Armour
 e - a +0 robe (worn)
Scrolls
 c - a scroll of remove curse {unknown}
 f - a scroll of fear {unknown}

Dungeon Overview and Level Annotations

Branches:
Dungeon (1/15)

Altars:

#......... #.#
#.##########.#
#..†.........#
#..###########
# #..#
#####.#..#
.........#
#####.##.# ...
#@# ### #g# #.#
#.....)........
#..............
#(.............
#..............
#.............#
#...###.......#


You could see a hobgoblin.


Message History

You miss the bat. The bat misses you.
You barely miss the bat. The bat closely misses you.
You closely miss the bat. The bat hits you but does no damage.
You closely miss the bat. The bat closely misses you.
You barely miss the bat. The bat closely misses you. The bat misses you.
You hit the bat but do no damage. The bat barely misses you.
You hit the bat but do no damage. The bat barely misses you.
You miss the bat. The bat hits you but does no damage.
You hit the bat.
The bat is moderately wounded.
The bat hits you but does no damage.
You hit the bat.
The bat is heavily wounded.
The bat hits you but does no damage.
You closely miss the bat. The bat barely misses you.
You hit the bat but do no damage. The bat barely misses you.
The bat closely misses you.
You hit the bat.
The bat is heavily wounded.
The bat closely misses you.
You hit the bat.
You kill the bat!
You hit the hobgoblin but do no damage.
The hobgoblin is severely wounded.
The hobgoblin hits you with a +0 club.
* * * LOW HITPOINT WARNING * * *
You hit the hobgoblin but do no damage.
The hobgoblin is severely wounded.
The hobgoblin hits you with a +0 club!
You die...

Skill      XL: |  1 |
---------------+----+-----
Crossbows      | 2 |  2.1
Fighting       | |  1.0
Dodging        | |  1.7
Spellcasting   | |  1.0
Hexes          | |  3.1

Action                   || total
-------------------------++-------
Melee: Dagger            ||    32
 Fire: Hand crossbow     ||     3
Armor: Robe              ||    14
Dodge: Dodged            ||    26

Levels and vault maps discovered:
D:1:      arrival_aquarium_b, layout_basic, minivault_25

Notes
Turn   | Place    | Note
-------+----------+-------------------------------------------
     0 | D:1      | Dracia the Demonspawn Arcane Marksman began the quest for
                  | the Orb.
     0 | D:1      | Reached XP level 1. HP: 15/15 MP: 2/2
     4 | D:1      | Noticed an electric eel
     4 | D:1      | Noticed an electric eel
    97 | D:1      | Reached skill level 2 in Crossbows
   126 | D:1      | Slain by a hobgoblin

Vanquished Creatures
  A bat (D:1)
  2 goblins (D:1)
  A rat (D:1)
4 creatures vanquished.

Table legend: (Time is in decaauts)
 A = Elapsed time spent in this place.
 B = Non-inter-level travel time spent in this place.
 C = Inter-level travel time spent in this place.
 D = Time resting spent in this place.
 E = Time spent auto-exploring this place.
 F = Levels seen in this place.
 G = Mean time per level.
                   A        B        C        D        E       F      G
               +--------+--------+--------+--------+--------+-----+--------+
         Total |    126 |    126 |      0 |      0 |     72 |   1 |  126.0 |
       Dungeon |    126 |    126 |      0 |      0 |     72 |   1 |  126.0 |
               +--------+--------+--------+--------+--------+-----+--------+

Top non-repeatable levels by time:
     D:1: 126 daAuts

Table legend:
 A = Non-vault XP
 B = Vault XP
 C = Vault XP percentage of total XP
 D = Non-vault monster count
 E = Vault monster count
 F = Vault count percentage of total count
                 A         B        C        D         E       F
            +---------+---------+-------+---------+---------+-------
      Total |       7 |       0 |   0.0 |       4 |       0 |   0.0
            +---------+---------+-------+---------+---------+-------
        D:1 |       7 |       0 |   0.0 |       4 |       0 |   0.0
            +---------+---------+-------+---------+---------+-------
